[Event "Early-Titled-Tuesday-Blitz-May-14-2024"]
[Site "Chess.com"]
[Date "2024.05.14"]
[Round "5"]
[White "ReadySkate"]
[Black "Firouzja2003"]
[Result "0-1"]
[WhiteElo "2725"]
[BlackElo "3182"]
[TimeControl "180+1"]
[EndTime "8:56:51 PDT"]
[Termination "Firouzja2003 won by resignation"]

1. d4 Nf6 2. c4 g6 3. Nc3 Bg7 4. e4 d6 5. Be2 O-O 6. Bg5 Nc6 7.
d5 Ne5 8. Nf3 Ned7 9. h3 h6 10.
Be3 c6 11. O-O Qa5 12. Qd2 Kh7 13. Rab1 cxd5 14. b4 Qd8 15. exd5 Nb6 16. Rfd1 Bf5 17.
Rbc1 Rc8 18. c5 dxc5 19. bxc5 Nbd7 20. Nd4 Nxc5 21. Nxf5 gxf5 22. Bf3 Qd7 23. Bd4 b6 24. Qf4 Ne8 25. Bxg7 Nxg7 26. Ne2 Qd6 27. Qh4 Nd7 28. Nd4 Ne5 29. Rxc8 Rxc8 30. Be2 Ng6 31. Qg3 Qxd5 32. Bf3 Qe5 33. Nc6 Qxg3 34. fxg3 Rc7 35. Rd8 Ne6 36. Ra8 Ng5 37. Nb4 e6 38. Kf2 a5 39. Nd3 Rc2+ 40. Ke3 Rxa2 41. Rb8 Ra3 42. Be2 Ne5 43. h4 Ne4 44. g4 Nxd3 45. Bxd3 Nc5 0-1

[Event "Early-Titled-Tuesday-Blitz-May-14-2024"]
[Site "Chess.com"]
[Date "2024.05.14"]
[Round "5"]
[White "ilqar_74"]
[Black "jinbojinbo"]
[Result "1-0"]
[WhiteElo "2846"]
[BlackElo "2659"]
[TimeControl "180+1"]
[EndTime "8:56:53 PDT"]
[Termination "ilqar_74 won by resignation"]

1. e4 e5 2. Nf3 Nc6 3. Bb5 a6 4. Ba4 Nf6 5. O-O b5 6. Bb3 Bc5 7. Nxe5 Nxe5 8. d4 Bxd4 9. Qxd4 d6 10. c3 O-O 11. f3 Bb7 12. Bg5 h6 13. Bh4 c5 14. Qd1 Ng6 15. Bg3 d5 16. e5 Nh5 17.
f4 Nxg3 18. hxg3 f5 19. Nd2 Ne7 20. Nf3 Bc8 21. Bc2 Be6 22. b4 d4 23. bxc5 dxc3 24. Qd6 Bc4 25. Rfd1 Rc8 26. Nd4 Qc7 27. Nb3 Bxb3 28.
Bxb3+ Kh8 29. Rac1 Qxc5+ 30. Qxc5 Rxc5 31. Rd7 Nc8 32. Rcd1 Nb6 33. R7d6 Nc4 34. Rd8 Rxd8 35. Rxd8+ Kh7 36.
e6 Rc7 37. Kf2 Re7 38. Bc2 Kg6 39. g4 Kf6 40. gxf5 Na3 41. Rf8+ 1-0

[Event "Early-Titled-Tuesday-Blitz-May-14-2024"]
[Site "Chess.com"]
[Date "2024.05.14"]
[Round "5"]
[White "laboratorio25"]
[Black "vasblesk"]
[Result "1-0"]
[WhiteElo "2549"]
[BlackElo "2789"]
[TimeControl "180+1"]
[EndTime "8:56:54 PDT"]
[Termination "laboratorio25 won by checkmate"]

1. e4 e5 2. Nf3 d6 3. d4 Nd7 4.
Nc3 Ngf6 5. Bc4 Be7 6. O-O O-O 7. Re1 c6 8. a4 Qc7 9. h3 Rb8 10. Ba2 a6 11. a5 h6 12. Be3 Kh8 13. Nh4 exd4 14.
Bxd4 Ne5 15. f4 Ne8 16. fxe5 Bxh4 17. exd6 Qxd6 18. Rf1 Qg6 19. Qf3 Be6 20. Bxe6 Qxe6 21. Qf4 Rd8 22. Bxg7+ Kxg7 23. Qxh4 Rd2 24. Rf2 Rxf2 25.
Qxf2 Nd6 26. Qd4+ f6 27. Rd1 Nc4 28. b3 Ne5 29. Ne2 Qf7 30. Ng3 Kh7 31. Kh1 Rg8 32.
Nf5 h5 33. Qf2 Rg5 34. Rd6 Rg6 35. Qf4 c5 36. Qd2 Rg8 37. Qh6# 1-0

[Event "Early-Titled-Tuesday-Blitz-May-14-2024"]
[Site "Chess.com"]
[Date "2024.05.14"]
[Round "5"]
[White "mapleaff"]
[Black "pfalcon1949"]
[Result "1-0"]
[WhiteElo "2304"]
[BlackElo "1907"]
[TimeControl "180+1"]
[EndTime "8:56:55 PDT"]
[Termination "mapleaff won on time"]

1. d4 Nf6 2. Bf4 d5 3. Nf3 c5 4. e3 Nc6 5. Nbd2 e6 6. c3 Qb6 7. Rb1 Bd7 8. Bd3 cxd4 9. exd4 Be7 10. O-O h6 11. h3 Rc8 12. Qe2 Na5 13. b4 Nc6 14. Nb3 Qd8 15. a4 O-O 16. Nc5 b6 17. Nxd7 Nxd7 18. Rbc1 Bf6 19. Ba6 Re8 20. Bxc8 Qxc8 21.
c4 Nxd4 22. Nxd4 Bxd4 23. cxd5 Qb7 24. Qd3 Qxd5 25. Be3 e5 26. Bxd4 exd4 27. Rfe1 Rd8 28. Rcd1 Ne5 29. Qe4 Nc4 30. Qxd5 Rxd5 31. Re4 Nb2 32.
Rdxd4 1-0

[Event "Early-Titled-Tuesday-Blitz-May-14-2024"]
[Site "Chess.com"]
[Date "2024.05.14"]
[Round "5"]
[White "DominguezOnYoutube"]
[Black "Revan_2002"]
[Result "1-0"]
[WhiteElo "3007"]
[BlackElo "2736"]
[TimeControl "180+1"]
[EndTime "8:56:59 PDT"]
[Termination "DominguezOnYoutube won by resignation"]

1. e4 e5 2. Nf3 Nc6 3. Bb5 a6 4.
Ba4 Nf6 5. O-O Be7 6. Re1 b5 7. Bb3 d6 8. c3 O-O 9. h3 Nb8 10. d3 Nbd7 11. Nbd2 Bb7 12. Nf1 Nc5 13. Bc2 Re8 14. b4 Ne6 15. d4 exd4 16. cxd4 d5 17. e5 Ne4 18. Rb1 a5 19. a3 axb4 20. axb4 f5 21. Ng3 g6 22. Ne2 Qd7 23. Qd3 Bf8 24. Nf4 Nxf4 25. Bxf4 Qc6 26. Bb3 Bxb4 27. Rec1 Qd7 28.
e6 Qxe6 29. Qxb5 Qb6 30. Bxd5+ Bxd5 31. Qxd5+ Kg7 32. Rxc7+ 1-0

[Event "Early-Titled-Tuesday-Blitz-May-14-2024"]
[Site "Chess.com"]
[Date "2024.05.14"]
[Round "5"]
[White "lagunanivaria"]
[Black "SaqoChess_Twitch"]
[Result "1-0"]
[WhiteElo "2529"]
[BlackElo "2658"]
[TimeControl "180+1"]
[EndTime "8:56:59 PDT"]
[Termination "lagunanivaria won by checkmate"]

1. Nf3 d5 2. g3 e6 3. Bg2 Nf6 4. d3 Be7 5. Nbd2 O-O 6. c3 c5 7.
O-O Nc6 8. e4 dxe4 9. Nxe4 b6 10. Nxf6+ Bxf6 11. Bf4 Bb7 12. Qe2 Qd7 13. Rad1 Rad8 14.
Rd2 Qc8 15. Rfd1 Qa8 16. Ne1 Ne7 17. Bxb7 Qxb7 18. Qf3 Qxf3 19. Nxf3 Ng6 20. Be3 Rd7 21. d4 cxd4 22. Bxd4 Bxd4 23. Rxd4 Rxd4 24. Rxd4 h6 25. Rd7 a6 26. Rb7 b5 27. Ra7 Rd8 28. Rxa6 Rd1+ 29. Kg2 Rb1 30. b4 Ne7 31. Ra8+ Kh7 32. Nd4 Nd5 33.
Nxb5 Rb2 34. a4 e5 35. Re8 f6 36.
a5 Ne3+ 37. Kf3 Nd1 38. a6 Rxf2+ 39. Ke4 Re2+ 40. Kd3 Ra2 41. a7 Nb2+ 42. Ke4 Nd1 43. a8=Q Rd2 44. Rh8+ Kg6 45. Qe8+ Kg5 46. h4+ Kg4 47.
Qg6+ Kh3 48. Qf5+ Kxg3 49. Qg6+ Kf2 50. Ra8 Ne3 51. Ra1 Rd8 52. Qg1+ Ke2 53. Qxe3# 1-0

[Event "Early-Titled-Tuesday-Blitz-May-14-2024"]
[Site "Chess.com"]
[Date "2024.05.14"]
[Round "5"]
[White "vaishali2001"]
[Black "Alexander_Donchenko"]
[Result "1-0"]
[WhiteElo "2695"]
[BlackElo "2860"]
[TimeControl "180+1"]
[EndTime "8:57:01 PDT"]
[Termination "vaishali2001 won by checkmate"]

1. e4 e5 2. Nf3 Nc6 3. Nc3 Nf6 4. h3 Bc5 5. Nxe5 Nxe5 6. d4 Bb4 7. dxe5 Nxe4 8. Qg4 Nxc3 9. Qxb4 Nd5 10. Qg4 g6 11. Bg5 d6 12. Qh4 Qd7 13. O-O-O Qc6 14. exd6 cxd6 15.
Bc4 Be6 16. Bxd5 Bxd5 17. Qd4 Be4 18. Qxh8+ Kd7 19. Qc3 Qxc3 20. bxc3 Bxg2 21. Rh2 Bf3 22. Rd3 Be4 23. Re3 Bd5 24. f4 Bxa2 25. Rd2 Rc8 26. Re7+ Kc6 27. Rd4 Be6 28. h4 h5 29. c4 a5 30. Kb2 a4 31. Re4 Bf5 32. Re3 Kb6 33. Rc3 Be6 34. Bf6 Ra8 35. Bd4+ Kc6 36. Ka3 Ra5 37.
c5 dxc5 38. Be5 b6 39. Rc7+ Kb5 40. Rd3 Kc4 41. Rd6 b5 42. Rd4+ Kc3 43. Rxc5+ Bc4 44. Rdxc4+ Kd2 45. Bc3+ Kc1 46. Bxa5 b4+ 47. Rxb4 f5 48.
Rd4 g5 49. c4 gxh4 50. Rd2 h3 51. Re5 h2 52. Re1# 1-0

[Event "Early-Titled-Tuesday-Blitz-May-14-2024"]
[Site "Chess.com"]
[Date "2024.05.14"]
[Round "5"]
[White "AlexandraSamaganova"]
[Black "akanga001"]
[Result "1-0"]
[WhiteElo "2391"]
[BlackElo "2145"]
[TimeControl "180+1"]
[EndTime "8:57:01 PDT"]
[Termination "AlexandraSamaganova won on time"]

1. c4 e5 2. Nc3 Nf6 3. Nf3 e4 4. Ng5 c6 5. d3 exd3 6. exd3 d5 7.
cxd5 h6 8. Nf3 Nxd5 9. d4 Bb4 10. Bd2 O-O 11. Be2 Re8 12. O-O Bg4 13. h3 Bh5 14.
Re1 Nf6 15. Bf4 Nbd7 16. Ne5 Bxe2 17. Rxe2 Nb6 18. Qb3 Bf8 19. Qxf7+ Kh7 20. Qg6+ Kg8 21. Rd1 Nbd5 22. Bxh6 Qc7 23. Nxd5 Nxd5 24. Re4 Nf6 25. Rf4 Qe7 26. Bg5 Qe6 27. Rxf6 1-0

[Event "Early-Titled-Tuesday-Blitz-May-14-2024"]
[Site "Chess.com"]
[Date "2024.05.14"]
[Round "5"]
[White "ViIIagra"]
[Black "Bilan_Danila"]
[Result "1-0"]
[WhiteElo "2848"]
[BlackElo "2659"]
[TimeControl "180+1"]
[EndTime "8:57:04 PDT"]
[Termination "ViIIagra won on time"]

1. b3 d5 2. Bb2 Nf6 3. e3 c6 4. c4 Bf5 5. Nf3 e6 6. Be2 Nbd7 7. Nh4 Be4 8. d3 Bg6 9. Nd2 Nc5 10. Nxg6 hxg6 11.
Nf3 Be7 12. a3 a5 13. Rb1 O-O 14. Qc2 a4 15. b4 Nb3 16. c5 b6 17. cxb6 Qxb6 18. Bxf6 Bxf6 19. d4 Rfe8 20. Qc3 Qc7 21. O-O e5 22. dxe5 Bxe5 23. Nxe5 Qxe5 24. Qxe5 Rxe5 25.
Rfd1 d4 26. Bf3 dxe3 27. fxe3 Rc8 28. Rd3 c5 29. Rc3 Rce8 30. bxc5 Nxc5 31. Rb4 Rxe3 32. Rxc5 Rxa3 33. Kf2 Ra2+ 34. Kg3 a3 35. Ra5 f5 36. h4 Re3 37. Rba4 Kh7 38. Kf4 Rb3 39. Kg5 Rxf3 40. gxf3 1-0

[Event "Early-Titled-Tuesday-Blitz-May-14-2024"]
[Site "Chess.com"]
[Date "2024.05.14"]
[Round "5"]
[White "guillembaches"]
[Black "CarlosjPineror"]
[Result "0-1"]
[WhiteElo "2569"]
[BlackElo "2729"]
[TimeControl "180+1"]
[EndTime "8:57:05 PDT"]
[Termination "CarlosjPineror won on time"]

1. d4 Nf6 2. Nf3 d6 3. Bg5 g6 4. Nbd2 Bg7 5. c3 O-O 6. e4 c5 7.
dxc5 dxc5 8. Bc4 Nc6 9. O-O Qc7 10. Qe2 Nh5 11. Qe3 b6 12. a4 Bb7 13. Rfd1 Rad8 14. g3 Rd7 15. Bh6 Rfd8 16. Bxg7 Kxg7 17. Be2 Ne5 18.
Nxe5 Qxe5 19. f3 Nxg3 20. hxg3 Qxg3+ 21. Kf1 Bc8 22. Bb5 Rd6 23. Ke2 Qh2+ 24. Ke1 a6 25.
Bf1 Qg3+ 26. Ke2 Be6 27. b3 f5 28. Ra2 Bxb3 0-1

[Event "Early-Titled-Tuesday-Blitz-May-14-2024"]
[Site "Chess.com"]
[Date "2024.05.14"]
[Round "5"]
[White "omer1997"]
[Black "Adar_07"]
[Result "0-1"]
[WhiteElo "2526"]
[BlackElo "2720"]
[TimeControl "180+1"]
[EndTime "8:57:05 PDT"]
[Termination "Adar_07 won on time"]

1. e4 c6 2. d4 d5 3. e5 Bf5 4.
h4 h6 5. g4 Bh7 6. e6 fxe6 7.
Nf3 Nf6 8. Ne5 Nbd7 9. h5 Nxe5 10. dxe5 Nd7 11. f4 Qa5+ 12. Qd2 Qa4 13. Bd3 Nc5 14. Bxh7 Rxh7 15. Nc3 Qa5 16. Qe3 O-O-O 17. Qd2 g6 18. hxg6 Rg7 19. Rxh6 Rg8 20. Rh4 Rxg6 21. Ne2 Qb6 22. Qd4 Bg7 23. Be3 Nd7 24. Qd3 Qxb2 25. Bd4 Qb4+ 26. Bc3 Qe4 27. Qxe4 dxe4 28. Kf2 Nb6 29. g5 Nd5 30. Bd4 Rf8 31. Kg3 b6 32. c4 Nb4 33. Kg4 Nd3 34. Rah1 c5 35. Be3 Bxe5 36.
Kh5 Rg7 37. fxe5 Nxe5 38. g6 Rxg6 0-1

[Event "Early-Titled-Tuesday-Blitz-May-14-2024"]
[Site "Chess.com"]
[Date "2024.05.14"]
[Round "5"]
[White "Dedic8"]
[Black "Msb2"]
[Result "0-1"]
[WhiteElo "2896"]
[BlackElo "3069"]
[TimeControl "180+1"]
[EndTime "8:57:06 PDT"]
[Termination "Msb2 won by resignation"]

1. d4 d5 2. c4 e6 3. Nc3 Bb4 4. Qa4+ Nc6 5. Nf3 Nf6 6. e3 O-O 7. Bd2 Qe8 8. Qc2 dxc4 9. Bxc4 e5 10. dxe5 Nxe5 11. Nxe5 Qxe5 12. O-O-O c6 13. h3 Bf5 14. Bd3 Bxd3 15. Qxd3 Qe6 16. Kb1 Rad8 17. Qc2 Rd7 18. Bc1 Rfd8 19. Rxd7 Rxd7 20. f3 Bxc3 21.
Qxc3 Nd5 22. Qb3 f5 23. g4 fxg4 24. hxg4 Qf7 25. e4 Nb6 26. Qc2 Qxf3 27. Qh2 Qxe4+ 28. Ka1 Rd8 29. g5 Nd5 30. Rf1 Nb4 31. b3 Qd4+ 32. Bb2 Qd1+ 33. Rxd1 Rxd1+ 34. Bc1 Rxc1+ 35. Kb2 Rc2+ 0-1

[Event "Early-Titled-Tuesday-Blitz-May-14-2024"]
[Site "Chess.com"]
[Date "2024.05.14"]
[Round "5"]
[White "ChadBiryani"]
[Black "Gareth-Bale11"]
[Result "0-1"]
[WhiteElo "2540"]
[BlackElo "2898"]
[TimeControl "180+1"]
[EndTime "8:57:06 PDT"]
[Termination "Gareth-Bale11 won by resignation"]

1. d4 Nf6 2. Bg5 d5 3. e3 c5 4. Nf3 Nc6 5. Nbd2 cxd4 6. exd4 Qb6 7. Nb3 Bg4 8. c3 e6 9. h3 Bh5 10. Bd3 Bd6 11. O-O Ne4 12. Be3 f5 13. g4 Bg6 14.
Nh4 Qd8 15. Ng2 h5 16. Bxe4 fxe4 17. g5 h4 18. Nf4 Qxg5+ 19. Kh1 Bxf4 20. Rg1 Qf5 21.
Bxf4 Qxh3+ 22. Bh2 Bh5 23. Qf1 Bf3+ 24. Rg2 g5 25.
Nd2 Qxg2+ 26. Qxg2 Bxg2+ 27. Kxg2 g4 28. Bf4 Ne7 29.
Nb3 b6 30. c4 Nf5 31. Be5 Rh7 32. cxd5 exd5 33. Rc1 e3 34. fxe3 Nxe3+ 35. Kf2 Nc4 36. Ke2 Kd7 37. Rf1 Re8 38. Kd3 Nxe5+ 39. dxe5 h3 40. Nd4 h2 41. e6+ Rxe6 42. Nxe6 Kxe6 43. Rh1 g3 0-1

[Event "Early-Titled-Tuesday-Blitz-May-14-2024"]
[Site "Chess.com"]
[Date "2024.05.14"]
[Round "5"]
[White "FoggyMorning"]
[Black "rollercoaster29"]
[Result "1-0"]
[WhiteElo "2613"]
[BlackElo "2452"]
[TimeControl "180+1"]
[EndTime "8:57:06 PDT"]
[Termination "FoggyMorning won on time"]

1. e4 e5 2. Nf3 Nc6 3. Bc4 Bc5 4. d3 Nf6 5. Nc3 a6 6. O-O d6 7. h3 O-O 8. a4 h6 9. Be3 Re8 10. Qd2 Be6 11. Nd5 Bxd5 12. exd5 Nd4 13. Nxd4 Bxd4 14. c3 Ba7 15. Rae1 Qd7 16. a5 Bxe3 17. fxe3 e4 18. d4 Rf8 19. Rf4 Rae8 20. Qe2 Nh7 21. Ref1 f5 22. Qh5 Nf6 23. Qxf5 Qxf5 24. Rxf5 Kh7 25.
b4 Kg6 26. Bb3 Nd7 27. Rxf8 Rxf8 28. Rxf8 Nxf8 29. Bc2 Kf5 30. g4+ Kg5 31. Kg2 Nd7 32.
Bxe4 Nf6 33. Bf3 Kh4 34. e4 Nd7 35. c4 g6 36. c5 Kg5 37. Kg3 1-0

[Event "Early-Titled-Tuesday-Blitz-May-14-2024"]
[Site "Chess.com"]
[Date "2024.05.14"]
[Round "5"]
[White "Flameboard08"]
[Black "YouJustFoundYourGodfather"]
[Result "0-1"]
[WhiteElo "2707"]
[BlackElo "2576"]
[TimeControl "180+1"]
[EndTime "8:57:08 PDT"]
[Termination "YouJustFoundYourGodfather won by checkmate"]

1. f4 Nh6 2. Nf3 g6 3. g3 Bg7 4. Bg2 c5 5. O-O O-O 6. e4 d6 7.
d3 Nc6 8. h3 f5 9. Nc3 Rb8 10. Ne2 b5 11. c3 b4 12. Ng5 bxc3 13.
bxc3 Qc7 14. Qa4 Nd8 15. Be3 Bd7 16. Qc2 Qa5 17. Rab1 Rb6 18. Rxb6 axb6 19. Rb1 Nhf7 20. Qb3 b5 21. e5 dxe5 22. Bxc5 Bf6 23. Nxf7 Nxf7 24.
fxe5 Bxe5 25. Bxe7 Re8 26. Bc5 Bf6 27. Nd4 Qc7 28.
Qa3 Qxg3 29. Rd1 Bxd4+ 30. Kh1 Re1+ 31. Rxe1 Qxe1+ 32. Kh2 Be5# 0-1

[Event "Early-Titled-Tuesday-Blitz-May-14-2024"]
[Site "Chess.com"]
[Date "2024.05.14"]
[Round "5"]
[White "Savagelittlemole"]
[Black "edgarhay012"]
[Result "0-1"]
[WhiteElo "2473"]
[BlackElo "2634"]
[TimeControl "180+1"]
[EndTime "8:57:12 PDT"]
[Termination "edgarhay012 won by resignation"]

1. e4 e6 2. d4 d5 3. Nd2 Nf6 4. e5 Nfd7 5. Bd3 c5 6. c3 Nc6 7. Ne2 cxd4 8. cxd4 f6 9. Nf4 Nxd4 10. Qh5+ Ke7 11. exf6+ Nxf6 12. Ng6+ hxg6 13. Qxh8 Kf7 14. O-O e5 15. Nb3 Nxb3 16. axb3 Bf5 17. Bxf5 gxf5 18. Bg5 Qb6 19. Bxf6 Qxf6 20. Rad1 Rd8 21. Rd3 Qh6 22. Qxh6 gxh6 23. Rc1 Rd7 24. Rcd1 Ke6 25. Kf1 Bc5 26. Rh3 Bf8 27. Rc1 d4 28. Rc8 Bg7 29. Ke2 e4 30.
Re8+ Kf7 31. Ra8 a6 32. g4 fxg4 33. Rh4 d3+ 34. Kd2 Bf6 35. Rxg4 Bg5+ 36. Rxg5 hxg5 37.
Rc8 Ke6 38. Rc5 Rd5 39. Rc4 Kf5 40. Rc7 Rb5 41. Kc3 Kg4 42. Rf7 Rf5 43. h3+ Kf4 44. Rxb7 Kf3 45. Re7 Rc5+ 46. Kd2 Rc2+ 47. Ke1 Re2+ 48.
Kd1 Rxf2 49. Rg7 Ke3 50. Ke1 d2+ 0-1

[Event "Early-Titled-Tuesday-Blitz-May-14-2024"]
[Site "Chess.com"]
[Date "2024.05.14"]
[Round "5"]
[White "Kors67"]
[Black "JJDAREK"]
[Result "1-0"]
[WhiteElo "2267"]
[BlackElo "2378"]
[TimeControl "180+1"]
[EndTime "8:57:16 PDT"]
[Termination "Kors67 won on time"]

1. e4 d6 2. d4 Nf6 3. Nc3 g6 4. h4 Bg7 5. h5 Nxh5 6. Rxh5 gxh5 7. Qxh5 c5 8. Bc4 e6 9. dxc5 dxc5 10. Qxc5 Nc6 11.
Be3 Bxc3+ 12. bxc3 Qa5 13. Bb5 Qc7 14. Bf4 Qb6 15.
Qg5 Bd7 16. Bd6 Qa5 17. Ne2 a6 18. Qf6 Rg8 19. Bxc6 Qg5 20. Bxd7+ Kxd7 21. Qxf7+ Kxd6 22.
Qxb7 Rab8 23. Rd1+ Ke5 24. f4+ 1-0

[Event "Early-Titled-Tuesday-Blitz-May-14-2024"]
[Site "Chess.com"]
[Date "2024.05.14"]
[Round "5"]
[White "Evan_Attaker"]
[Black "dropstoneDP"]
[Result "0-1"]
[WhiteElo "2641"]
[BlackElo "2979"]
[TimeControl "180+1"]
[EndTime "8:57:17 PDT"]
[Termination "dropstoneDP won by resignation"]

1. Nf3 Nf6 2. c4 c5 3. b3 d5 4. cxd5 Nxd5 5. Bb2 Nc6 6. e3 Bf5 7. a3 Qd7 8. d3 Nc7 9. Be2 Rd8 10. d4 cxd4 11.
Nxd4 Nxd4 12. Qxd4 Qc6 13. Qf4 Qc2 14. O-O Qxe2 15. Be5 Rd1 16. Nd2 Rxa1 17. Rxa1 Qxd2 18.
Bxc7 e6 19. Qa4+ Qd7 20. Qxa7 Qxc7 21. Qa8+ Qd8 22. Qa4+ Qd7 23. Qa8+ Ke7 24. a4 g6 25. Rc1 Bg7 26. Qa5 Rc8 27. Qb4+ Ke8 28. Re1 Bc3 0-1

[Event "Early-Titled-Tuesday-Blitz-May-14-2024"]
[Site "Chess.com"]
[Date "2024.05.14"]
[Round "5"]
[White "english_player_89"]
[Black "Juicy_Fork"]
[Result "1-0"]
[WhiteElo "2616"]
[BlackElo "2455"]
[TimeControl "180+1"]
[EndTime "8:57:18 PDT"]
[Termination "english_player_89 won by checkmate"]

1. e4 e5 2. Nf3 Nc6 3. Bc4 Nf6 4. d3 Bc5 5. Bb3 O-O 6. Nbd2 d6 7. c3 a5 8. h3 h6 9. g4 d5 10. g5 hxg5 11. Nxg5 Ng4 12. hxg4 Qxg5 13. exd5 Bxg4 14. Ne4 Bxd1 15. Bxg5 Bf3 16. Rg1 Bxe4 17. dxe4 Ne7 18. Rg2 a4 19. Bc2 Ng6 20. O-O-O f6 21. Bh6 Kf7 22.
Bxg7 Rg8 23. Bh6 Nh4 24. Rxg8 Rxg8 25. Bxa4 Bxf2 26. Bd7 Ke7 27. Be6 Rg6 28. Bd2 Nf3 29. Rh1 Kd6 30. Rh7 Rg1+ 31. Kc2 Rg2 32. b4 c6 33.
Rd7# 1-0

[Event "Early-Titled-Tuesday-Blitz-May-14-2024"]
[Site "Chess.com"]
[Date "2024.05.14"]
[Round "5"]
[White "Russian_berezka"]
[Black "RamonManon0g"]
[Result "0-1"]
[WhiteElo "2586"]
[BlackElo "2444"]
[TimeControl "180+1"]
[EndTime "8:57:19 PDT"]
[Termination "RamonManon0g won on time"]

1. e4 c5 2. f4 d6 3. Nf3 e6 4.
g3 Nf6 5. Nc3 Nc6 6. Bg2 Be7 7.
O-O O-O 8. d3 b6 9. Kh1 Bb7 10.
Be3 Rc8 11. a3 Ng4 12. Bg1 d5 13. exd5 exd5 14. d4 cxd4 15. Nxd4 Nf6 16. Qd3 Bc5 17.
Rad1 Na5 18. Nb3 Bxg1 19. Nxa5 bxa5 20. Rxg1 Qb6 21. Na4 Qc6 22. Nc3 Ba6 23. Qd4 Bc4 24. Rge1 a4 25. Kg1 Rb8 26. Nxd5 Nxd5 27. Bxd5 Bxd5 28. Qxd5 Qxc2 29. Rd2 Qc7 30. Kg2 Rbd8 31. Rc1 Rxd5 32. Rxc7 Rxd2+ 33. Kf3 Rxb2 34. Rxa7 Rb3+ 35. Kg4 Rxa3 36. f5 Ra1 37. h4 a3 38. h5 h6 39. Ra6 a2 40. f6 gxf6 41. Rxf6 Rh1 42. Ra6 a1=Q 43. Rxa1 Rxa1 44. Kh3 f5 0-1

[Event "Early-Titled-Tuesday-Blitz-May-14-2024"]
[Site "Chess.com"]
[Date "2024.05.14"]
[Round "5"]
[White "dennisodessa"]
[Black "KatakuriDono"]
[Result "1-0"]
[WhiteElo "2494"]
[BlackElo "2305"]
[TimeControl "180+1"]
[EndTime "8:57:20 PDT"]
[Termination "dennisodessa won by resignation"]

1. d4 Nf6 2. c4 Nc6 3. Nc3 e5 4. d5 Ne7 5. e4 Ng6 6. h4 h5 7. g3 Bb4 8. f3 a5 9. Be3 d6 10. Qc2 O-O 11. a3 Bxc3+ 12. Qxc3 b6 13. Bd3 Nh7 14. Qc2 Ne7 15. Nh3 f5 16. Ng5 f4 17.
gxf4 exf4 18. Nxh7 Kxh7 19. Bd4 Kh8 20. Rg1 Rf7 21. Rg5 Kg8 22. O-O-O c6 23. Rdg1 Qf8 24. Qg2 Bg4 25. fxg4 f3 26. Qf2 hxg4 27. R1xg4 cxd5 28. exd5 b5 29. Bxg7 Rxg7 30. Rxg7+ Qxg7 31. Rxg7+ Kxg7 32. Qxf3 Rf8 33. Qg3+ Kh8 34. Qxd6 Nf5 35. Qe5+ Ng7 36. h5 bxc4 37. h6 Rg8 38. hxg7+ Rxg7 39. Bxc4 1-0

[Event "Early-Titled-Tuesday-Blitz-May-14-2024"]
[Site "Chess.com"]
[Date "2024.05.14"]
[Round "5"]
[White "azikom"]
[Black "ItsCheckM8Mate"]
[Result "1-0"]
[WhiteElo "2717"]
[BlackElo "2289"]
[TimeControl "180+1"]
[EndTime "8:57:21 PDT"]
[Termination "azikom won on time"]

1. c4 c5 2. Nc3 Nc6 3. g3 g6 4. Bg2 Bg7 5. h4 h5 6. d3 e5 7. Nh3 Nge7 8. Ng5 d6 9. Bd2 Rb8 10. a3 a5 11. Rb1 O-O 12. e3 f6 13. Nge4 Bg4 14. Qa4 Qd7 15. Nb5 b6 16. Nexd6 Rfd8 17. Qc2 Nc8 18. Nxc8 Rbxc8 19. Be4 Bf5 20. Bc3 Bxe4 21.
dxe4 Qg4 22. Rd1 Rxd1+ 23. Qxd1 Qxe4 24. Qd5+ Qxd5 25. cxd5 Nb8 26. e4 Rd8 27. a4 f5 28.
f3 Nd7 29. Ke2 Bh6 30. Rf1 Rf8 31. Nd6 Rf6 32. Nc4 fxe4 33. fxe4 Rxf1 34. Kxf1 Bg7 35.
Bd2 Bf6 36. Ke2 Kf7 37. Kf3 Ke7 38. b3 Kf7 39. Bc3 Ke7 40. Be1 Kf7 41. g4 hxg4+ 42. Kxg4 Ke7 43. Bd2 Kf7 44. Bg5 Kg7 45. Be3 Kf7 46.
h5 gxh5+ 47. Kxh5 Kg7 48. Bh6+ Kf7 49. Bg5 Kg7 50. Nd6 Kf8 51. Bxf6 Nxf6+ 52. Kg6 Nd7 53. Nc4 Ke7 54. Kf5 1-0

[Event "Early-Titled-Tuesday-Blitz-May-14-2024"]
[Site "Chess.com"]
[Date "2024.05.14"]
[Round "5"]
[White "GelmanAlexander"]
[Black "vovachesss"]
[Result "1-0"]
[WhiteElo "2667"]
[BlackElo "2824"]
[TimeControl "180+1"]
[EndTime "8:57:22 PDT"]
[Termination "GelmanAlexander won on time"]

1. c4 e6 2. d3 d5 3. Nd2 Nf6 4.
Ngf3 b6 5. e3 Bb7 6. b3 Nbd7 7.
Bb2 Bd6 8. a3 O-O 9. Rg1 e5 10.
cxd5 Nxd5 11. g4 a5 12. h4 Nc5 13. g5 f5 14. gxf6 Qxf6 15. Rg3 Rae8 16. Ne4 Nxe4 17. dxe4 Ne7 18. Qc2 Ng6 19. O-O-O Nxh4 20. Ng5 h6 21. Bc4+ Kh8 22. Rh1 hxg5 23. f4 gxf4 24. Rg4 g5 25. exf4 Qh6 26. fxg5 Qg6 27. Rgxh4+ Kg7 28. Rh7+ Qxh7 29. Rxh7+ Kxh7 30. Qh2+ 1-0

[Event "Early-Titled-Tuesday-Blitz-May-14-2024"]
[Site "Chess.com"]
[Date "2024.05.14"]
[Round "5"]
[White "biveklama"]
[Black "KogotBobra17"]
[Result "1-0"]
[WhiteElo "2569"]
[BlackElo "2673"]
[TimeControl "180+1"]
[EndTime "8:57:22 PDT"]
[Termination "biveklama won by resignation"]

1. e4 c5 2. Nf3 Nc6 3. Bb5 g5 4. h3 Nf6 5. e5 g4 6. exf6 gxf3 7.
Bxc6 dxc6 8. Qxf3 Be6 9. Nc3 Qb6 10. d3 O-O-O 11. b3 exf6 12. Bb2 Bd6 13. Qxf6 Rhg8 14. g4 Rg6 15. Qf3 Be5 16. O-O-O Rf6 17. Qe2 Bd4 18.
Ne4 Rg6 19. f4 f5 20. Ng5 Bd5 21. Rhe1 fxg4 22. hxg4 Qa5 23. Kb1 h6 24. Ne4 Kb8 25. f5 Rgg8 26. Qd2 Qb6 27. Qf4+ Ka8 28. f6 Rgf8 29.
g5 hxg5 30. Qxg5 c4 31. Bxd4 Qxd4 32. dxc4 Qxf6 1-0

[Event "Early-Titled-Tuesday-Blitz-May-14-2024"]
[Site "Chess.com"]
[Date "2024.05.14"]
[Round "5"]
[White "ajeale2"]
[Black "Nf3c5"]
[Result "0-1"]
[WhiteElo "2479"]
[BlackElo "2636"]
[TimeControl "180+1"]
[EndTime "8:57:23 PDT"]
[Termination "Nf3c5 won by checkmate"]

1. b3 e5 2. Bb2 Nc6 3. e3 d5 4. Bb5 Ne7 5. Nf3 e4 6. Ne5 Qd6 7. O-O a6 8. Bxc6+ Nxc6 9. f4 exf3 10. Nxf3 Bg4 11. Qe1 f6 12. Qh4 h5 13. Nd4 Nxd4 14.
Bxd4 O-O-O 15. Bb2 Be7 16. Nc3 g5 17. Qg3 Qd7 18.
Qf2 Kb8 19. Ne2 h4 20. Nd4 h3 21. g3 f5 22. Nf3 Rhf8 23. Ne5 Qe6 24. Rac1 Bf6 25. d4 Bxe5 26. dxe5 c5 27. c4 d4 28.
exd4 cxd4 29. Bxd4 f4 30. Bc5 fxg3 31. Qxf8 gxh2+ 32. Kxh2 Qxe5+ 33. Kg1 Qg3+ 34. Kh1 Qg2# 0-1

[Event "Early-Titled-Tuesday-Blitz-May-14-2024"]
[Site "Chess.com"]
[Date "2024.05.14"]
[Round "5"]
[White "Doublekk14"]
[Black "aljado"]
[Result "1-0"]
[WhiteElo "2353"]
[BlackElo "2142"]
[TimeControl "180+1"]
[EndTime "8:57:23 PDT"]
[Termination "Doublekk14 won on time"]

1. e4 c5 2. Nf3 e6 3. d4 cxd4 4. c3 d5 5. exd5 exd5 6. cxd4 Nf6 7. Nc3 Be7 8. Bd3 O-O 9. O-O Nc6 10. h3 Re8 11. Bf4 a6 12. a3 Bf8 13. Rc1 Ne4 14.
Nd2 Bf5 15. Nf3 Bg6 16. Qc2 Rc8 17. Rfe1 f5 18. Qb1 Kh8 19. Qa2 Nxc3 20. bxc3 Qa5 21.
Ne5 Nxe5 22. Bxe5 Qxa3 23. Qd2 Qe7 24. Re3 Qg5 25. f4 Qh4 26. Qe2 Qh6 27. Qf3 1-0

[Event "Early-Titled-Tuesday-Blitz-May-14-2024"]
[Site "Chess.com"]
[Date "2024.05.14"]
[Round "5"]
[White "super_emi_26"]
[Black "Timerkhanov"]
[Result "0-1"]
[WhiteElo "2883"]
[BlackElo "2722"]
[TimeControl "180+1"]
[EndTime "8:57:24 PDT"]
[Termination "Timerkhanov won by resignation"]

1. e4 c5 2. Nc3 a6 3. g3 b5 4.
Bg2 Bb7 5. d3 d6 6. f4 e6 7. Nf3 Nf6 8. O-O Be7 9. b3 Nbd7 10.
Bb2 d5 11. exd5 exd5 12. a4 b4 13. Ne2 d4 14. Bc1 O-O 15. f5 Nd5 16. Nf4 Nc3 17. Qe1 Re8 18. Bd2 Bg5 19. Nxg5 Bxg2 20. Nxg2 Rxe1 21. Raxe1 Nf6 22. Nf3 h6 23. Bxc3 bxc3 24.
h3 Nd5 25. Re5 Qd6 26. Kh2 Nb4 27. Rf2 Nc6 28. Re1 Qd7 29. Ne5 Qe7 30. Rfe2 Re8 31. Nxc6 Qxe2 32. Rxe2 Rxe2 33. b4 Rxc2 34. bxc5 Rd2 35. Ne7+ Kf8 36. c6 Kxe7 0-1